 Dungeon Crawl Stone Soup version 0.20.1-1-g8b1a95d (webtiles) character file.

3899 Ymberti the Carver (level 10, -2/86 HPs)
             Began as a Hill Orc Fighter on Oct 1, 2017.
             Was a Follower of Beogh.
             Slain by a seven-headed hydra (7 damage)
             ... on level 7 of the Dungeon.
             The game lasted 00:26:39 (8254 turns).

Ymberti the Carver (Hill Orc Fighter)               Turns: 8254, Time: 00:26:40

Health: -2/86      AC: 18    Str: 28    XL:     10   Next: 20%
Magic:  10/10      EV: 17    Int:  8    God:    Beogh [*.....]
Gold:   423        SH: 12    Dex: 17    Spells: 9/9 levels left

rFire    x . .     SeeInvis .   r - +0 long sword
rCold    + . .     Gourm    .   c - +0 shield
rNeg     . . .     Faith    .   h - +0 plate armour
rPois    .         Spirit   .   (no helmet)
rElec    .         Reflect  .   b - +0 cloak
rCorr    .         Harm     .   (no gloves)
MR       .....                  o - +0 pair of boots
Stlth    ..........             (no amulet)
Regen    0.3/turn               e - +5 ring of evasion
MPRegen  0.2/turn               q - ring of ice

@: mighty, agile
A: molten scales 1, agile 1
a: Renounce Religion


You were on level 7 of the Dungeon.
You worshipped Beogh.
Beogh was aware of your devotion.
You were not hungry.

You visited 1 branch of the dungeon, and saw 7 of its levels.

You collected 423 gold pieces.

Inventory:

Hand Weapons
 r - a +0 long sword (weapon)
Armour
 b - a +0 cloak (worn)
 c - a +0 shield (worn)
 h - a +0 plate armour (worn)
 o - a +0 pair of boots (worn)
Jewellery
 e - a +5 ring of evasion (left hand)
 q - a ring of ice (right hand)
 u - an uncursed ring of poison resistance {unknown}
Wands
 j - a wand of flame (9/48)
 m - a wand of flame (26/48)
 w - a wand of random effects (38/48)
Scrolls
 f - a scroll of blinking {unknown}
 g - 2 scrolls of amnesia
 n - 3 scrolls of remove curse
 s - a scroll of identify
 t - 2 scrolls of recharging
Potions
 a - a potion of agility
 k - 2 potions of mutation
 l - 8 potions of curing
 p - a potion of cancellation
 z - a potion of flight
Comestibles
 i - a meat ration


   Skills:
 + Level 7.4 Fighting
   Level 2.0(5.8) Short Blades
 + Level 9.5(9.6) Long Blades
 + Level 7.6 Armour
 + Level 1.2 Dodging
 + Level 1.3 Stealth
 + Level 8.7 Shields
 + Level 0.6 Evocations


You had 9 spell levels left.
You didn't know any spells.

Dungeon Overview and Level Annotations

Branches:
Dungeon (7/15)             Temple (0/1) D:7

Altars:
Cheibriados
Dithmenos
Ru
Sif Muna
Uskayaw
Vehumet
Xom
Yredelemnul
Zin

Annotations:
D:3 1 runed door


Innate Abilities, Weirdness & Mutations

You are partially covered in molten scales. (AC +2)
You are agile. (Dex +2)


Message History

The seven-headed hydra barely misses you.
The seven-headed hydra bites you.
* * * LOW HITPOINT WARNING * * *
The seven-headed hydra closely misses you.
You block the seven-headed hydra's attack.
The seven-headed hydra bites you!
* * * LOW HITPOINT WARNING * * *
The seven-headed hydra bites you but does no damage.
The seven-headed hydra misses you.
Things that are here:
a giant club; a giant spiked club; a two-headed ogre corpse You block the seven-headed hydra's attack.
The seven-headed hydra bites you but does no damage.
The seven-headed hydra bites you.
* * * LOW HITPOINT WARNING * * *
The seven-headed hydra bites you but does no damage.
The seven-headed hydra misses you.
The seven-headed hydra bites you but does no damage.
The seven-headed hydra bites you!
You die...

#.#>...............).......
#.#.##.#.#.#.#.#####.#.....
#.#.##.#..<#.#.# #.#.....
#.#.##.###.#.#.# #.#.....
#.#.##.....#.#.#####.......
#.#.########.#....##.......
#.#...............###......
#.##########.#....# #......
#######.........@..#....#
#..O...
...............D#########
#...... ###############)#
#...... #########.# ####......
#..(...##.# #.........
######......##.# #.########
#....).((((.##.########..#######
#..........(##.#................
#...........(..#..#########.#.#.


You could see a seven-headed hydra.

Vanquished Creatures
  A two-headed ogre (D:7)
  The ghost of xight the Covered, a novice MiFi of Okawaru (D:5)
  The ghost of Asgaroth the Cutter, an amateur VSGl (D:3)
  Eustachio (D:5)
  A yak (D:7)
  An orc warrior (D:6)
  A phantom (D:5)
  A necrophage (D:5)
  5 ogres (D:7)
  5 centaurs
  3 bullfrogs (D:6)
  A water moccasin zombie (D:7)
  2 scorpions
  2 howler monkeys
  2 crimson imps (D:5)
  An orc priest (D:6)
  A centaur skeleton (D:7)
  2 iguanas (D:6)
  6 orc wizards
  5 worker ants
  A killer bee zombie (D:7)
  A hound skeleton (D:5)
  2 howler monkey zombies
  3 gnolls (D:4)
  11 adders
  A shadow imp (D:6)
  An ooze (D:3)
  5 worms
  4 dart slugs
  A leopard gecko (D:4)
  16 orcs
  3 ball pythons
  4 giant cockroaches
  8 goblins
  12 hobgoblins
  12 jackals
  4 quokkas
  7 bats
  4 frilled lizards
  14 kobolds
  A leopard gecko skeleton (D:5)
  A quokka skeleton (D:7)
  A quokka zombie (D:7)
  8 rats
168 creatures vanquished.

Vanquished Creatures (others)
  A sky beast (D:6)
  A howler monkey (D:5)
  A worker ant (D:6)
3 creatures vanquished.

Grand Total: 171 creatures vanquished

Notes
Turn   | Place    | Note
-------+----------+-------------------------------------------
     0 | D:1      | Ymberti the Hill Orc Fighter began the quest for the Orb.
     0 | D:1      | Reached XP level 1. HP: 19/19 MP: 1/1
   203 | D:1      | Reached XP level 2. HP: 27/27 MP: 2/2
   583 | D:1      | Reached skill level 3 in Long Blades
   583 | D:1      | Reached XP level 3. HP: 26/33 MP: 3/3
  1174 | D:2      | Reached XP level 4. HP: 28/40 MP: 4/4
  1752 | D:2      | Found a hide-covered altar of Uskayaw.
  1884 | D:3      | Found a runed door.
  1884 | D:3      | Noticed a human
  1887 | D:3      | Found a basalt altar of Yredelemnul.
  1893 | D:3      | Noticed Asgaroth's ghost (amateur VSGl)
  1925 | D:3      | Killed Asgaroth's ghost
  1925 | D:3      | Reached skill level 4 in Long Blades
  1925 | D:3      | Reached XP level 5. HP: 23/46 MP: 5/5
  1925 | D:3      | Reached XP level 6. HP: 26/52 MP: 6/6
  2375 | D:3      | Reached skill level 5 in Shields
  3280 | D:4      | Found a shadowy altar of Dithmenos.
  3433 | D:4      | Reached skill level 5 in Long Blades
  3561 | D:4      | Reached XP level 7. HP: 49/60 MP: 7/7
  3705 | D:4      | Found a deep blue altar of Sif Muna.
  3732 | D:5      | Entered Level 5 of the Dungeon
  3996 | D:5      | Noticed xight's ghost (novice MiFi)
  5026 | D:5      | Reached skill level 5 in Fighting
  5059 | D:5      | Noticed Eustachio
  5063 | D:5      | Reached skill level 5 in Armour
  5404 | D:5      | Killed xight's ghost
  5404 | D:5      | Reached skill level 7 in Long Blades
  5404 | D:5      | Reached XP level 8. HP: 57/68 MP: 8/8
  5436 | D:5      | Found a sacrificial altar of Ru.
  5530 | D:5      | Found a shimmering altar of Xom.
  5530 | D:5      | Noticed an angel
  5532 | D:5      | Found a glowing silver altar of Zin.
  5633 | D:5      | Killed Eustachio
  5670 | D:5      | Reached skill level 1 in Stealth
  6040 | D:6      | Found a snail-covered altar of Cheibriados.
  6043 | D:6      | Reached skill level 1 in Short Blades
  6073 | D:6      | Gained mutation: You are agile. (Dex +2) [potion of mutation]
  6073 | D:6      | Gained mutation: You are partially covered in molten scales. (AC +2) [potion of mutation]
  6103 | D:6      | Reached XP level 9. HP: 70/75 MP: 9/9
  6190 | D:6      | Found a radiant altar of Vehumet.
  6263 | D:6      | Became a worshipper of Beogh the Brigand
  6633 | D:6      | Reached skill level 1 in Dodging
  7301 | D:7      | Reached skill level 8 in Long Blades
  7329 | D:7      | Reached * piety under Beogh
  7469 | D:7      | Noticed a six-headed hydra
  7992 | D:7      | Found a staircase to the Ecumenical Temple.
  8077 | D:7      | Reached skill level 9 in Long Blades
  8136 | D:7      | Reached XP level 10. HP: 86/86 MP: 10/10
  8239 | D:7      | Noticed a two-headed ogre
  8250 | D:7      | Killed a two-headed ogre
  8254 | D:7      | Slain by a seven-headed hydra

Skill      XL: |  1  2  3  4  5  6  7  8  9 |
---------------+----------------------------+-----
Long Blades    | 3 4 5 7 9 |  9.5
Shields        | 4 5 6 7 8 |  8.7
Fighting       | 4 5 7 |  7.4
Armour         | 4 5 6 7 |  7.6
Stealth        | 1 |  1.3
Short Blades   | 1 2 |  2.0
Dodging        | 1 |  1.2
Evocations     | |  0.6

Action                   |  1- 3 |  4- 6 |  7- 9 | 10-12 || total
-------------------------+-------+-------+-------+-------++-------
Melee: Long sword        |   142 |   297 |   445 |     6 ||   890
       Rapier            |       |       |    65 |       ||    65
Invok: Convert to Beogh  |       |       |     1 |       ||     1
Evoke: Wand              |       |       |    10 |     3 ||    13
  Use: Potion            |       |       |     9 |     4 ||    13
       Scroll            |       |       |    12 |       ||    12
 Stab: Invisible         |       |       |     1 |       ||     1
       Paralysed         |       |       |     1 |       ||     1
  Eat: Fruit             |     3 |       |       |       ||     3
       Bread ration      |     1 |     1 |     2 |       ||     4
       Royal jelly       |       |     1 |     1 |       ||     2
       Meat ration       |       |       |     1 |       ||     1
Armor: Scale mail        |     7 |       |       |       ||     7
       Plate armour      |    83 |   143 |   302 |    37 ||   565
Dodge: Dodged            |    47 |   134 |   199 |    31 ||   411
Block: Shield            |    97 |   205 |   315 |    32 ||   649
       Rpst.: Long sword |    17 |    46 |    57 |     2 ||   122
